 Dungeon Crawl Stone Soup version 0.28.0 (webtiles) character file.

Game seed: 8837323860737641511

77 willcat the Shield-Bearer (level 4, -5/35 HPs)
             Began as a Demonspawn Fighter on Feb 11, 2022.
             Engulfed by a cloud of flame (14 damage)
             ... on level 2 of the Dungeon.
             The game lasted 00:01:38 (2144 turns).

willcat the Shield-Bearer (Demonspawn Fighter)      Turns: 2144, Time: 00:01:39

Health: -5/35      AC:  8    Str: 19    XL:     4   Next: 14%
Magic:  13/13      EV:  9    Int:  9    God:
Gold:   128        SH:  4    Dex: 12    Spells: 3/3 levels left

rFire   . . .      SeeInvis .   a - +0 flail
rCold   . . .      Faith    .   c - +0 buckler
rNeg    . . .      Spirit   .   b - +0 scale mail
rPois   .          Reflect  .   (helmet restricted)
rElec   .          Harm     .   (no cloak)
rCorr   .          Rampage  .   (no gloves)
Will    .....                   (no boots)
Stlth   ..........              n - amulet of regeneration
HPRegen 0.91/turn               g - ring of magical power
MPRegen 0.13/turn               j - ring of flight

@: flying
A: horns 1, yellow scales 1
a: no special abilities


You were on level 2 of the Dungeon.
You visited 1 branch of the dungeon, and saw 2 of its levels.

You collected 128 gold pieces.

Inventory:

Hand Weapons
 a - a +0 flail (weapon)
Armour
 b - a +0 scale mail (worn)
 c - a +0 buckler (worn)
Jewellery
 g - a ring of magical power (left hand)
 j - a ring of flight (right hand)
 n - an amulet of regeneration (around neck)
Scrolls
 i - a scroll of amnesia {unknown}
 k - a scroll of enchant weapon {unknown}
 l - 2 scrolls of vulnerability {unknown}
 m - 2 scrolls of identify {unknown}
 o - 3 scrolls of teleportation {unknown}
Potions
 d - 2 potions of might
 e - a potion of heal wounds {unknown}
 f - a potion of ambrosia {unknown}
 h - 3 potions of curing {unknown}


   Skills:
 - Level 3.0 Fighting
 + Level 2.5 Maces & Flails
 + Level 3.2 Armour
 + Level 1.4 Dodging
 + Level 3.2 Shields


You had 3 spell levels left.
You didn't know any spells.
Your spell library was empty.

Dungeon Overview and Level Annotations

Branches:
Dungeon (2/15)

Altars:
Ashenzari


Innate Abilities, Weirdness & Mutations

You have a pair of small horns on your head.
You are partially covered in yellow scales. (AC +2)


Message History

Key pressed, stopping explore.
No target in view!
You see here 4 poisoned darts.
Key pressed, stopping explore.
No target in view!
Key pressed, stopping explore.
No target in view!
Partly explored, can't reach some items and places.
No target in view!
Partly explored, can't reach some items and places.
No target in view!
Partly explored, can't reach some items and places.
No target in view!
Partly explored, can't reach some items and places.
(D) Dungeon
Where to? (Enter - D:2, ? - help)
What level of the Dungeon? (default 1, ? - help)
Okay, then.
Really fly into a travel-excluded area?
Really fly into that cloud of flame?
You are engulfed in blazing flames.
You are engulfed in blazing flames.
You now have 77 gold pieces (gained 10).
You start resting.
HP restored.
You now have 84 gold pieces (gained 7).
You now have 93 gold pieces (gained 9).
You now have 111 gold pieces (gained 18).
You now have 112 gold pieces (gained 1).
You now have 128 gold pieces (gained 16).
Really fly into a travel-excluded area? [Y]es or [N]o only, please.
Really fly into a travel-excluded area?
Okay, then.
Really fly into a travel-excluded area?
You are engulfed in blazing flames.
You are engulfed in blazing flames.
* * * LOW HITPOINT WARNING * * *
You are engulfed in blazing flames.
You die...

### #.###############
#...............#
#.#######.#####.# #.#
#...# #.# #.# #○@§# #.#
#.# #§§☼# #.# #.# #§○°#
#.# #.#####...#####.#
#..○☼§.....§§§..#
#########..☼.§.....○§○..#
...........○§§.....☼§○.##
.....)...>#####...######
########### #☼○§#


There were no monsters in sight!

Vanquished Creatures
  3 adders (D:2)
  A dart slug (D:2)
  2 endoplasms (D:2)
  2 giant cockroaches
  8 goblins
  3 hobgoblins
  4 jackals (D:2)
  2 quokkas
  5 ball pythons
  A bat (D:2)
  7 frilled lizards
  5 kobolds
  3 rats
46 creatures vanquished.

Notes
Turn   | Place    | Note
-------+----------+-------------------------------------------
     0 | D:1      | willcat the Demonspawn Fighter began the quest for the Orb.
     0 | D:1      | Reached XP level 1. HP: 18/18 MP: 1/1
   243 | D:1      | Gained mutation: You have a pair of small horns on your
                  | head. [demonic ancestry]
   243 | D:1      | Reached XP level 2. HP: 22/24 MP: 2/2
   847 | D:2      | Reached skill level 1 in Dodging
   847 | D:2      | Reached XP level 3. HP: 18/29 MP: 3/3
   989 | D:2      | Found a faded altar of an unknown god.
  1296 | D:2      | Found a broken altar of Ashenzari.
  1552 | D:2      | Gained mutation: You are partially covered in yellow
                  | scales. (AC +2) [demonic ancestry]
  1552 | D:2      | Reached XP level 4. HP: 31/35 MP: 4/4
  2144 | D:2      | Engulfed by a cloud of flame

Illustrated notes

Levels and vault maps discovered:
D:1:      lightli_arrival_flooded_house, layout_basic
D:2:      layout_basic, basic_altar, nicolae_ecumenical_lake_church,
          lemuel_flame_loot_1

Skill      XL: |  1  2 |
---------------+-------+-----
Maces & Flails | 2 |  2.5
Shields        | 3 |  3.2
Armour         | 3 |  3.2
Dodging        | 1 |  1.4
Fighting       | |  3.0

Action                   |  1- 3 |  4- 6 || total
-------------------------+-------+-------++-------
Melee: Flail             |   128 |    10 ||   138
       Headbutt          |    14 |       ||    14
Armor: Scale mail        |    58 |     3 ||    61
Dodge: Dodged            |    59 |     4 ||    63
Block: Buckler           |    30 |     1 ||    31
